 Dungeon Crawl Stone Soup version 0.31-a0-229-g1fc7ce93e2 (webtiles) character file.

Game seed: 16001839475010432200

67 qw the Shooter (level 4, -2/26 HPs)
             Began as a Gargoyle Hexslinger on July 6, 2023.
             Frozen to death by an endoplasm (4 damage)
             ... on level 2 of the Dungeon.
             The game lasted 00:00:26 (825 turns).

qw the Shooter (Gargoyle Hexslinger)                 Turns: 825, Time: 00:00:27

Health: -2/26      AC:  8    Str: 11    XL:     4   Next: 18%
Magic:  5/5        EV: 10    Int: 14    God:
Gold:   93         SH:  0    Dex: 14    Spells: 4/5 levels left

rFire   . . .        Y - +1 sling
rCold   . . .        (no shield)
rNeg    + . .        e - +0 ring mail
rPois   inf          (no helmet)
rElec   +            (no cloak)
rCorr   .            (no gloves)
SInv    .            (no boots)
Will    .....        (no amulet)
Stlth   +            (no ring)
HPRegen 0.24/turn    (no ring)
MPRegen 0.09/turn

%: no passive effects
@: no status effects
A: sickness immunity, AC +3, negative energy resistance 1, electricity
resistance, torment resistance 1, petrification resistance
a: no special abilities


You were on level 2 of the Dungeon.
You visited 1 branch of the dungeon, and saw 2 of its levels.

You collected 93 gold pieces.


Innate Abilities, Weirdness & Mutations

You are immune to sickness and miasma.
Your stone body is resilient. (AC +3)
You are immune to poison.
You resist negative energy. (rN+)
You are resistant to electric shocks. (rElec)
You are resistant to unholy torment.
You are immune to petrification.


   Skills:
 - Level 2.0 Fighting
 - Level 4.0 Ranged Weapons
 + Level 0.0 Armour
 - Level 1.5 Dodging
 - Level 1.0 Spellcasting
 - Level 2.6 Hexes


You had 4 spell levels left.
You knew the following spells:

 Your Spells              Type           Power      Damage    Failure   Level
a - Slow                  Hex            32%        N/A       22%         1

Your spell library contained the following spells:

 Spells                   Type           Power      Damage    Failure   Level
 Inner Flame              Hex/Fire       4%         N/A       73%         3
 Portal Projectile        Hex/Tloc       8%         N/A       73%         3
 Cause Fear               Hex            4%         N/A       91%         4

Inventory:

Hand Weapons
 Y - a +1 sling (weapon)
Armour
 e - a +0 ring mail (worn)
Jewellery
 b - a ring of wizardry
Scrolls
 a - 2 scrolls of identify
Potions
 f - 2 potions of curing
 g - a potion of heal wounds {unknown}
 h - a potion of lignification {unknown}
 i - a potion of degeneration {unknown}
 k - a potion of ambrosia {unknown}

Dungeon Overview and Level Annotations

Branches:
Dungeon (2/15)

Altars:
Uskayaw


Message History

The sling bullet hits the adder but does no damage.
The adder is heavily wounded.
The endoplasm hits you but does no damage.
The adder bites you but does no damage.
You shoot a sling bullet. The sling bullet misses the adder.
The sling bullet completely misses the endoplasm.
The adder closely misses you. The endoplasm hits you.
The adder bites you but does no damage. The endoplasm closely misses you.
You shoot a sling bullet.
The sling bullet closely misses the adder.
The adder bites you. The endoplasm freezes you.
You are frozen.
The endoplasm hits you but does no damage.
The adder completely misses you.
You shoot a sling bullet. The sling bullet hits the adder.
The adder is severely wounded.
The adder barely misses you.
The endoplasm hits you but does no damage.
The endoplasm freezes you.
You are frozen.
The adder completely misses you.
You shoot a sling bullet. The sling bullet hits the adder.
You kill the adder!
The endoplasm hits you.
The endoplasm hits you but does no damage. x2
The endoplasm hits you.
Your Ranged Weapons skill increases to level 4!
You shoot a sling bullet.
The sling bullet barely misses the endoplasm.
The endoplasm freezes you.
You are frozen.
The endoplasm freezes you.
You are frozen.
You shoot a sling bullet. The sling bullet hits the endoplasm.
The endoplasm is lightly wounded.
The endoplasm freezes you.
You are frozen.
The endoplasm hits you. The endoplasm closely misses you.
The endoplasm freezes you.
You are frozen.
You die...

... .... ... .. .#
###.# #...# ##J#.#.#
####..@%..##
#......J.....#
#########.##.._...###.
..........##......#
.#######..##........
#..#####...### #..#
.?.# ###..# .#...
#....#####. .##


You could see 2 endoplasms.

Vanquished Creatures
  A gnoll (D:1)
  2 adders (D:2)
  2 worms (D:2)
  2 dart slugs (D:1)
  3 endoplasms (D:1)
  A giant cockroach (D:1)
  2 goblins (D:2)
  5 hobgoblins (D:1)
  2 kobolds
  A quokka (D:1)
  3 ball pythons
  2 frilled lizards (D:1)
  5 rats
31 creatures vanquished.

Notes
Turn   | Place    | Note
-------+----------+-------------------------------------------
     0 | D:1      | qw the Gargoyle Hexslinger began the quest for the Orb.
     0 | D:1      | Reached XP level 1. HP: 12/12 MP: 2/2
     0 | D:1      | 0 ||| qw: Version: 0.3-a-46-gb1f654a
     0 | D:1      | 0 ||| qw: Game counter: 1122
     0 | D:1      | 0 ||| qw: Melee chars always use a shield: true
     0 | D:1      | 0 ||| qw: God list: Okawaru
     0 | D:1      | 0 ||| qw: Allow faded altars: false
     0 | D:1      | 0 ||| qw: Do Orc after clearing Dungeon:15 true
     0 | D:1      | 0 ||| qw: Do second Lair branch before Depths: true
     0 | D:1      | 0 ||| qw: Lair rune preference: random
     0 | D:1      | 0 ||| qw: Goals: Normal
     0 | D:1      | 0 ||| PLANNING D:1-11
    54 | D:1      | Reached XP level 2. HP: 16/16 MP: 3/3
   190 | D:1      | Reached skill level 3 in Ranged Weapons
   403 | D:1      | Reached XP level 3. HP: 21/21 MP: 4/4
   494 | D:1      | 494 ||| UPGRADING to +0 ring mail.
   504 | D:1      | 504 ||| DROPPING +0 robe.
   505 | D:1      | 505 ||| READING 2 scrolls labelled BEFOFU FEOKI.
   506 | D:1      | 506 ||| READING scroll labelled OSIOXUERESS.
   520 | D:1      | 520 ||| DRINKING 3 cyan potions.
   521 | D:1      | 521 ||| DROPPING scroll of poison.
   793 | D:2      | Reached XP level 4. HP: 26/26 MP: 5/5
   803 | D:2      | Found a hide-covered altar of Uskayaw.
   824 | D:2      | Reached skill level 4 in Ranged Weapons
   825 | D:2      | HP: 4/26 [frozen (3)]
   825 | D:2      | Frozen to death by an endoplasm

Levels and vault maps discovered:
D:1:      dpeg_arrival_tiny_a, layout_rooms
D:2:      layout_loops_ring, basic_altar

Skill      XL: |  1  2  3  4 |
---------------+-------------+-----
Ranged Weapons | 3 4 |  4.0
Fighting       | 2 |  2.0
Dodging        | |  1.5
Spellcasting   | |  1.0
Hexes          | |  2.6

Action                     |  1- 3 |  4- 6 || total
---------------------------+-------+-------++-------
   Fire: Sling             |   101 |    12 ||   113
    Use: Scroll            |     2 |       ||     2
         Potion            |     1 |       ||     1
 Armour: Robe              |    12 |       ||    12
         Ring mail         |     9 |     8 ||    17
  Dodge: Dodged            |    36 |     8 ||    44

Table legend:
 A = Non-vault XP
 B = Vault XP
 C = Vault XP percentage of total XP
 D = Non-vault monster count
 E = Vault monster count
 F = Vault count percentage of total count
                 A         B        C        D         E       F
            +---------+---------+-------+---------+---------+-------
      Total |      97 |       0 |   0.0 |      31 |       0 |   0.0
            +---------+---------+-------+---------+---------+-------
        D:1 |      51 |       0 |   0.0 |      21 |       0 |   0.0
        D:2 |      46 |       0 |   0.0 |      10 |       0 |   0.0
            +---------+---------+-------+---------+---------+-------
